 Dungeon Crawl Stone Soup version 0.22-a0-379-ga9d99d6 (webtiles) character file.

23 CanOfBees the Ruffian (level 2, 0/29 HPs)
             Began as a Troll Monk on Apr 28, 2018.
             Succumbed to an adder's poison
             ... on level 2 of the Dungeon.
             The game lasted 00:01:19 (825 turns).

CanOfBees the Ruffian (Troll Monk)                   Turns: 825, Time: 00:01:19

Health: 0/29       AC:  5    Str: 18    XL:     2   Next: 72%
Magic:  1/1        EV: 10    Int:  6    God:
Gold:   22         SH:  0    Dex: 12    Spells: 1/1 levels left

rFire    . . .     SeeInvis .     - Unarmed
rCold    . . .     Gourm    +   (no shield)
rNeg     . . .     Faith    .   a - +0 robe
rPois    .         Spirit   .   (helmet restricted)
rElec    .         Reflect  .   (no cloak)
rCorr    .         Harm     .   (gloves unavailable)
MR       .....                  (boots unavailable)
Stlth    ++........             (no amulet)
HPRegen  0.49/turn              (no ring)
MPRegen  0.07/turn              (no ring)

@: lethally poisoned (0 -> -3), hasted, very quick
A: large, unfitting armour, claws 3, fast metabolism 3, gourmand, regeneration
1, shaggy fur 1, tough skin 2
a: no special abilities


You were on level 2 of the Dungeon.
You were not hungry.

You visited 1 branch of the dungeon, and saw 2 of its levels.

You collected 22 gold pieces.

Inventory:

Hand Weapons
 d - a +0 mace
Missiles
 e - 86 stones (quivered)
 j - 12 sling bullets
Armour
 a - a +0 robe (worn)
Jewellery
 f - an uncursed amulet of magic regeneration {unknown}
Scrolls
 c - 2 scrolls of remove curse {unknown}
 h - a scroll of enchant armour {unknown}
Potions
 i - a potion of curing {unknown}
Comestibles
 b - 2 rations


   Skills:
 + Level 2.7 Fighting
 + Level 0.6 Maces & Flails
 + Level 2.7 Dodging
 - Level 1.0 Stealth
 + Level 3.3 Unarmed Combat


You had one spell level left.
You didn't know any spells.

Dungeon Overview and Level Annotations

Branches:
Dungeon (2/15)

Altars:


Innate Abilities, Weirdness & Mutations

You are too large for most types of armour.
You have claws for hands.
Your metabolism is lightning-fast.
You like to eat raw meat.
Your natural rate of healing is unusually fast.
You are covered in fur. (AC +1)
You have very tough skin. (AC +2)


Message History

The adder barely misses you.
You scratch the adder.
The adder is severely wounded.
You feel sick. The adder bites you.
* * * LOW HITPOINT WARNING * * *
You are lethally poisoned!
The adder poisons you! The adder closely misses you.
You claw the adder!
You kill the adder!
* * * LOW HITPOINT WARNING * * *
You feel sick.
* * * LOW HITPOINT WARNING * * *
You feel sick.
You see here an adder corpse.
You butcher the adder corpse.
* * * LOW HITPOINT WARNING * * *
You feel sick.
You see here 2 chunks of flesh.
It was a potion of haste.
You feel yourself speed up.
You die...

...# #..# #..#
#!.# #..# #..#
###..#### #
#.....@.#.#
.........##.#.#
###..(..<.[...#
#.#.##.##)### #
#[ #.##.##
#.##.#...##
#.........##
#.........##
............#


There were no monsters in sight!

Vanquished Creatures
  An adder (D:2)
  A dart slug (D:1)
  A leopard gecko (D:1)
  2 bats
  2 goblins
  3 kobolds
  A rat (D:1)
11 creatures vanquished.

Notes
Turn   | Place    | Note
-------+----------+-------------------------------------------
     0 | D:1      | CanOfBees the Troll Monk began the quest for the Orb.
     0 | D:1      | Reached XP level 1. HP: 22/22 MP: 0/0
   399 | D:1      | Reached XP level 2. HP: 29/29 MP: 1/1
   772 | D:2      | Found a faded altar of an unknown god.
   823 | D:2      | HP: 1/29 [poisoned by an adder]
   825 | D:2      | Succumbed to an adder's poison

Vault maps used:
D:1:      dpeg_arrival_tiny_g
D:2:      cheibrodos_fertilizer, lemuel_round_altar, first_ration,
          chequers_ecumenical_altar_simple_redux, tso_altar

Action                   || total
-------------------------++-------
Melee: Unarmed           ||    38
Throw: Stone             ||     3
  Use: Potion            ||     1
 Stab: Sleeping          ||     1
  Eat: Chunk             ||     6
Armor: Robe              ||    17
Dodge: Dodged            ||    20

Table legend:
 A = Spawn XP
 B = Non-spawn XP
 C = Spawn XP percentage of total XP
 D = Spawn monster count
 E = Non-spawn monster count
 F = Spawn count percentage of total count
 G = Total turns spent on level
                    A         B        C        D         E        F      G
               +---------+---------+-------+---------+---------+-------+---------
         Total |       0 |      33 |   0.0 |       0 |      11 |   0.0 |   825
               +---------+---------+-------+---------+---------+-------+---------
           D:1 |       0 |      15 |   0.0 |       0 |       7 |   0.0 |   772
           D:2 |       0 |      18 |   0.0 |       0 |       4 |   0.0 |    53
               +---------+---------+-------+---------+---------+-------+---------
